 Dungeon Crawl Stone Soup version 0.25-b1-23-ge2ad7d536c (webtiles) character file.

Game seed: 13719467215371012389, levelgen mode: deterministic

1971 HungrySpirit the Cleaver (level 9, -1/57 HPs)
             Began as a Gargoyle Fighter on June 3, 2020.
             Was a Priest of Okawaru.
             Slain by an orc warrior
             ... wielding a +0 trident
              (7 damage)
             ... on level 5 of the Dungeon.
             The game lasted 00:09:49 (6788 turns).

HungrySpirit the Cleaver (Gargoyle Fighter)         Turns: 6788, Time: 00:09:50

Health: -1/57      AC: 19    Str: 21    XL:     9   Next: 20%
Magic:  0/9        EV:  7    Int:  8    God:    Okawaru [***...]
Gold:   295        SH:  0    Dex: 12    Spells: 8/8 levels left

rFire    . . .     SeeInvis .   a - +0 war axe
rCold    . . .     Gourm    .   (no shield)
rNeg     + . .     Faith    .   p - +0 plate armour
rPois    ∞         Spirit   +   (no helmet)
rElec    +         Reflect  .   u - +0 cloak
rCorr    .         Harm     .   (no gloves)
MR       .....                  (no boots)
Stlth    ..........             k - amulet of guardian spirit
HPRegen  0.19/turn              (no ring)
MPRegen  0.11/turn              (no ring)

@: no status effects
A: negative energy resistance 1, electricity resistance, unbreathing,
petrification resistance, rot immunity, AC +6
a: Heroism, Renounce Religion


You were on level 5 of the Dungeon.
You worshipped Okawaru.
Okawaru was most pleased with you.
You were hungry.

You visited 1 branch of the dungeon, and saw 6 of its levels.

You collected 295 gold pieces.

Inventory:

Hand Weapons
 a - a +0 war axe (weapon)
Armour
 c - a +0 kite shield
 p - a +0 plate armour (worn)
 u - a +0 cloak (worn)
Jewellery
 k - an amulet of guardian spirit (around neck)
Wands
 d - a wand of digging (6)
 n - a wand of random effects (15)
Scrolls
 g - a scroll of fog {unknown}
 i - 2 scrolls of remove curse
 j - a scroll of fear {unknown}
 m - a scroll of immolation {unknown}
 o - 2 scrolls of amnesia {unknown}
 s - a scroll of teleportation {unknown}
 t - a scroll of blinking {unknown}
Potions
 e - a potion of degeneration
 h - 3 potions of curing {unknown}
 l - a potion of invisibility
 q - 3 potions of heal wounds
 v - a potion of mutation
Comestibles
 f - 7 rations


   Skills:
 + Level 7.4 Fighting
 * Level 8.2 Axes
 - Level 3.2 Armour
 - Level 3.1 Dodging
 + Level 4.5 Shields


You had 8 spell levels left.
You didn't know any spells.
Your spell library contained the following spells:

 Spells                   Type           Power        Failure   Level  Hunger
 Animate Skeleton         Necr           N/A          100%        1    ##.....
 Apportation              Tloc           #.....       100%        1    ##.....
 Corona                   Hex            #......      100%        1    ##.....
 Summon Small Mammal      Summ           #...         100%        1    ##.....


Dungeon Overview and Level Annotations

Branches:
Dungeon (6/15)             Temple (0/1) D:6

Altars:
Dithmenos
Gozag
Okawaru
Vehumet
Zin

Shops:
D:4 }


Innate Abilities, Weirdness & Mutations

You are resistant to torment.
Your stone body is resilient. (AC +6)
You are immune to poison.
You resist negative energy. (rN+)
You are resistant to electric shocks. (rElec)
You can survive without breathing.
You are immune to petrification.
You are immune to rotting.


Message History

The orc warrior is almost dead.
The orc warrior barely misses you.
Your plate armour prevents you from hitting the orc warrior.
The orc warrior is almost dead.
The orc warrior hits you with a +0 trident.
You hit the orc warrior but do no damage.
The orc warrior is almost dead.
The orc warrior closely misses you.
You closely miss the orc warrior.
The orc warrior is almost dead.
The orc warrior hits you with a +0 trident!
* * * LOW HITPOINT WARNING * * *
You barely miss the orc warrior.
The orc warrior is almost dead.
The orc warrior hits you with a +0 trident.
* * * LOW HITPOINT WARNING * * *
You hit the orc warrior but do no damage.
The orc warrior is almost dead.
The orc warrior hits you with a +0 trident!
You die...

#### ### ###..## #.####.....#
###..##....### # #####
##.....#....#
###...###.........###
..#.........<...@o###
..[..#..............# ##########
##..###............####..##.##)##
#...# #...#.......## #......#...#
..### #.###.......#####..........
#######.# #.........###..........
........###..........#..........#
.#...#...##....#.........###....#
##...###.#.....#.....##.## #.####


You could see an orc warrior.

Vanquished Creatures
  Prince Ribbit (D:5)
  Sigmund (D:5)
  Menkaure (D:5)
  Edmund (D:5)
  An orc warrior (D:5)
  3 ogres
  A necrophage (D:6)
  A phantom (D:4)
  3 bullfrogs
  3 scorpions
  A centaur zombie (D:6)
  4 orc wizards
  A quasit (D:5)
  An iguana (D:4)
  Terence (D:2)
  4 worker ants
  2 hound skeletons
  9 adders
  A howler monkey skeleton (D:6)
  2 shadow imps
  2 oozes (D:2)
  2 worms (D:2)
  4 dart slugs
  A leopard gecko (D:2)
  14 orcs
  3 ball pythons
  6 giant cockroaches
  6 goblins
  6 hobgoblins
  4 jackals (D:1)
  3 quokkas
  7 bats
  7 frilled lizards
  5 kobolds
  A leopard gecko skeleton (D:4)
  A leopard gecko zombie (D:5)
  A quokka skeleton (D:6)
  6 rats
121 creatures vanquished.

Notes
Turn   | Place    | Note
-------+----------+-------------------------------------------
     0 | D:1      | HungrySpirit the Gargoyle Fighter began the quest for the
                  | Orb.
     0 | D:1      | Reached XP level 1. HP: 14/14 MP: 1/1
    14 | D:1      | Reached skill level 2 in Axes
    28 | D:1      | Reached XP level 2. HP: 14/19 MP: 2/2
   310 | D:1      | You fall into a shaft and drop 1 floor!
   343 | D:2      | Reached XP level 3. HP: 20/24 MP: 3/3
   343 | D:2      | Reached skill level 3 in Axes
   519 | D:2      | Reached XP level 4. HP: 21/29 MP: 4/4
   722 | D:2      | Noticed Terence
   742 | D:2      | Killed Terence
   951 | D:2      | Reached XP level 5. HP: 34/34 MP: 5/5
  1543 | D:3      | Reached skill level 4 in Axes
  1600 | D:3      | Found an iron altar of Okawaru.
  1605 | D:3      | Found a shadowy altar of Dithmenos.
  1612 | D:3      | Found a glowing silver altar of Zin.
  1723 | D:3      | Became a worshipper of Warmaster Okawaru
  1949 | D:3      | Found an opulent altar of Gozag.
  1950 | D:3      | Found a radiant altar of Vehumet.
  2675 | D:4      | Reached XP level 6. HP: 23/40 MP: 6/6
  3021 | D:4      | Reached skill level 5 in Fighting
  3269 | D:4      | Found Etuost's Gadget Emporium.
  3381 | D:4      | Noticed a phantom
  3436 | D:4      | Killed a phantom
  3436 | D:4      | Reached skill level 5 in Axes
  3764 | D:5      | Entered Level 5 of the Dungeon
  3780 | D:5      | Reached skill level 1 in Dodging
  3816 | D:5      | Reached * piety under Okawaru
  3816 | D:5      | Reached XP level 7. HP: 32/44 MP: 7/7
  3949 | D:5      | Noticed Menkaure
  3961 | D:5      | Killed Menkaure
  3961 | D:5      | Reached skill level 6 in Axes
  4417 | D:5      | Noticed Sigmund
  4418 | D:5      | Noticed Prince Ribbit
  4429 | D:5      | Killed Sigmund
  4429 | D:5      | Reached ** piety under Okawaru
  4429 | D:5      | Reached XP level 8. HP: 51/51 MP: 8/8
  4510 | D:5      | Killed Prince Ribbit
  4869 | D:5      | Reached skill level 7 in Axes
  5102 | D:6      | Noticed Edmund
  5120 | D:5      | Killed Edmund
  5120 | D:5      | Reached *** piety under Okawaru
  6101 | D:6      | Reached XP level 9. HP: 51/57 MP: 9/9
  6165 | D:6      | Reached skill level 8 in Axes
  6247 | D:6      | Found a staircase to the Ecumenical Temple.
  6788 | D:5      | Slain by an orc warrior

Illustrated notes

Levels and vault maps discovered:
D:1:      ncdulo_watergridlock, layout_rooms
D:2:      layout_loops_ring, first_ration, kennysheep_generic_room_10,
          uniq_terence
D:3:      layout_basic, minitemple, gammafunk_temple_overflow_statue
D:4:      layout_loops_corners, serial_shops, shop
D:5:      layout_cave_pools, uniq_sigmund, uniq_prince_ribbit1, uniq_menkaure
D:6:      layout_basic, temple_green, uniq_edmund

Skill      XL: |  1  2  3  4  5  6  7  8  9 |
---------------+----------------------------+-----
Axes           | 2 3 4 5 6 7 8 |  8.2
Fighting       | 4 5 6 7 |  7.4
Dodging        | 1 2 3 |  3.1
Shields        | 4 |  4.5
Armour         | |  3.2

Action                   |  1- 3 |  4- 6 |  7- 9 || total
-------------------------+-------+-------+-------++-------
Melee: War axe           |    73 |   266 |   192 ||   531
Evoke: Wand              |       |       |    10 ||    10
  Use: Potion            |       |       |     2 ||     2
       Scroll            |       |       |     5 ||     5
 Stab: Paralysed         |       |       |     5 ||     5
  Eat: Chunk             |       |     9 |    10 ||    19
Armor: Scale mail        |    56 |   200 |    40 ||   296
       Plate armour      |       |       |    85 ||    85
Dodge: Dodged            |    42 |   147 |    89 ||   278
